Get step-by-step instructions on how to execute this build order below. Start the game timer, and the build order will tick by so you can play in parallel with StarCraft on a second screen or mobile device.

Game Time

  0:00

Last Step

  N/A

Next Step

Upcoming Step



Don't want to look back and forth between 2 screens? Try out our Overwolf App, the Spawning Tool Build Advisor to get an in-game overlay with this build!

Complete Build Order

  12  0:03  Drone  
  12  0:12  Overlord  
  12  0:18  Drone  
  12  0:30  Drone x2  
  12  0:36  Drone  
  12  0:45  Extractor  
  12  0:52  Spawning Pool  
  12  0:54  Drone  
  12  0:57  Drone  
  12  1:18  Hatchery  
  12  1:21  Drone  
  12  1:25  Drone